 Dungeon Crawl Stone Soup version 0.30-a0-924-g0ad0bf95bc (webtiles) character file.

Game seed: 922805963358020962

107 cforsyth the Shield-Bearer (level 5, -1/42 HPs)
             Began as a Human Fighter on Mar 23, 2023.
             Killed by nerve-wracking pain
             ... invoked by Grinder
              (6 damage)
             ... on level 3 of the Dungeon.
             The game lasted 00:02:22 (1689 turns).

cforsyth the Shield-Bearer (Human Fighter)          Turns: 1689, Time: 00:02:22

Health: -1/42      AC:  7    Str: 18    XL:     5   Next: 11%
Magic:  5/5        EV:  9    Int:  9    God:
Gold:   88         SH:  4    Dex: 12    Spells: 4/4 levels left

rFire   . . .      SeeInvis .    a - +0 flail
rCold   . . .      Faith    .    c - +0 buckler
rNeg    . . .      Spirit   .    b - +0 scale mail
rPois   .          Reflect  .    (no helmet)
rElec   .          Rampage  .    (no cloak)
rCorr   .                        (no gloves)
Will    .....                    (no boots) Stlth
                                 (no amulet)
HPRegen 0.27/turn                (no ring)
MPRegen 0.09/turn                (no ring)

@: no status effects
A: no striking features
a: no special abilities


You were on level 3 of the Dungeon.
You visited 1 branch of the dungeon, and saw 3 of its levels.

You collected 88 gold pieces.

Inventory:

Hand Weapons
 a - a +0 flail (weapon)
Armour
 b - a +0 scale mail (worn)
 c - a +0 buckler (worn)
Scrolls
 e - 2 scrolls of acquirement {unknown}
 g - a scroll of amnesia {unknown}
 h - a scroll of enchant weapon {unknown}
 j - a scroll of poison {unknown}
 m - a scroll of silence {unknown}
 n - a scroll of identify {unknown}
Potions
 d - a potion of might
 f - a potion of ambrosia {unknown}
 i - a potion of experience {unknown}
 k - a potion of brilliance {unknown}
 l - a potion of curing
 o - a potion of attraction {unknown}


   Skills:
 + Level 3.6 Fighting
 + Level 2.9 Maces & Flails
 + Level 3.7 Armour
 + Level 3.8 Shields


You had 4 spell levels left.
You didn't know any spells.
Your spell library contained the following spells:

 Spells                   Type           Power      Damage    Failure   Level
 Ensorcelled Hibernation  Hex/Ice        0%         N/A       94%         2
 Passwall                 Tmut/Erth      0%         N/A       94%         2
 Sublimation of Blood     Necr           0%         N/A       94%         2
 Wereblood                Tmut           0%         N/A       94%         2
 Swiftness                Air            0%         N/A       99%         3
 Summon Hydra             Summ           0%         N/A       100%        7


Dungeon Overview and Level Annotations

Branches:
Dungeon (3/15)

Altars:

Shops:
D:1 (   D:2 (

Annotations:
D:3 Grinder, Robin


Message History

The orc barely misses you.
Grinder says, "Just stop there for a second..."
Grinder hits you but does no damage.
You are too injured to fight recklessly!
You are too injured to fight recklessly!
You are too injured to fight recklessly!
You are too injured to fight recklessly!
You are too injured to fight recklessly!
You are too injured to fight recklessly!
You are too injured to fight recklessly!
You are too injured to fight recklessly!
You are too injured to fight recklessly!
You closely miss Grinder.
Grinder is lightly wounded.
You block the orc's attack. Grinder hits you.
You closely miss the orc. You block the orc's attack. Grinder hits you!
* * * LOW HITPOINT WARNING * * *
You writhe in agony.
* * * LOW HITPOINT WARNING * * *
You sock the orc!
You kill the orc!
A goblin comes into view. It is wielding a +0 dagger.
Grinder hits you but does no damage.
It was a potion of curing.
You feel better. Grinder hits you.
You writhe in agony.
You closely miss Grinder.
Grinder is lightly wounded.
Grinder hits you but does no damage. Grinder closely misses you.
You hit Grinder.
Grinder is moderately wounded.
Grinder hits you.
* * * LOW HITPOINT WARNING * * *
You writhe in agony.
* * * LOW HITPOINT WARNING * * *
You aren't carrying any items that you can evoke.
You hit Grinder.
Grinder is moderately wounded.
Grinder gestures at you. Pain shoots through your body!
You die...

###...5..$..
#.....o.....
#.####...$.. #.# ######
#.# #.# #g# #)# #@# #5#
#.# #.# #########.#
######## #.........#
#(....<#
#.##############.######
#.# #.....†..##.# #.#
#.######.##.#


You could see Grinder and a goblin.

Vanquished Creatures
  3 adders (D:2)
  2 dart slugs (D:2)
  A worm (D:2)
  An orc (D:3)
  8 endoplasms
  A giant cockroach (D:1)
  10 goblins
  5 hobgoblins
  3 jackals (D:1)
  3 quokkas
  3 ball pythons
  14 bats
  6 frilled lizards
  6 kobolds
  2 rats (D:2)
68 creatures vanquished.

Notes
Turn   | Place    | Note
-------+----------+-------------------------------------------
     0 | D:1      | cforsyth the Human Fighter began the quest for the Orb.
     0 | D:1      | Reached XP level 1. HP: 18/18 MP: 1/1
   116 | D:1      | Reached XP level 2. HP: 24/24 MP: 2/2
   205 | D:1      | Reached XP level 3. HP: 21/29 MP: 3/3
   281 | D:1      | Found Jiob's Antique Weapon Emporium.
   349 | D:1      | Found a faded altar of an unknown god.
   808 | D:2      | Reached XP level 4. HP: 35/35 MP: 4/4
   986 | D:2      | Found Edamupte's Weapon Shoppe.
  1164 | D:2      | Reached XP level 5. HP: 28/41 MP: 5/5
  1441 | D:3      | Noticed Robin
  1663 | D:3      | Noticed Grinder
  1689 | D:3      | Killed from afar by Grinder

Illustrated notes

Levels and vault maps discovered:
D:1:      nicolae_arrival_washed_ashore, layout_rooms,
          hellmonk_ecumenical_altar_zigzags, serial_shops,
          nicolae_shop_waterfront
D:2:      layout_rooms, serial_shops, nicolae_shop_statue_plus
D:3:      layout_basic, grunt_temple_overflow_opulence, uniq_ijyb, uniq_grinder,
          uniq_jessica, uniq_robin

Action                     |  1- 3 |  4- 6 || total
---------------------------+-------+-------++-------
  Melee: Flail             |   105 |   103 ||   208
    Use: Potion            |       |     1 ||     1
 Armour: Scale mail        |    54 |    78 ||   132
  Dodge: Dodged            |    64 |    81 ||   145
  Block: Buckler           |    41 |    35 ||    76

Table legend: (Time is in decaauts)
 A = Elapsed time spent in this place.
 B = Non-inter-level travel time spent in this place.
 C = Inter-level travel time spent in this place.
 D = Time resting spent in this place.
 E = Time spent auto-exploring this place.
 F = Levels seen in this place.
 G = Mean time per level.
                   A        B        C        D        E       F      G
               +--------+--------+--------+--------+--------+-----+--------+
         Total |   1752 |   1712 |     40 |    104 |   1145 |   3 |  584.0 |
       Dungeon |   1752 |   1712 |     40 |    104 |   1145 |   3 |  584.0 |
               +--------+--------+--------+--------+--------+-----+--------+

Top non-repeatable levels by time:
     D:1: 799 daAuts
     D:2: 764 daAuts
     D:3: 188 daAuts
